 Dungeon Sprint DCSS version 0.31-a0-844-gdc52ec4e09 (webtiles) character file.

Game seed: 6767822243685295287

500000 Psyclone the Eclecticist (level 10, 50/50 HPs)
             Began as a Deep Elf Conjurer on Sept 30, 2023.
             Quit the game in the Dungeon (Sprint VIII: "Arena of Blood").
             The game lasted 00:00:39 (5 turns).

Psyclone the Eclecticist (Deep Elf Conjurer)           Turns: 5, Time: 00:00:40

Health: 50/50      AC:  2    Str:  4    XL:     10   Next: 77%
Magic:  6/33       EV: 19    Int: 28    God:
Gold:   0          SH:  0    Dex: 13    Spells: 42/43 levels left

rFire   . . .        h - +∞ Axe of Woe
rCold   . . .        (shield currently unavailable)
rNeg    . . .        a - +0 robe
rPois   .            (no helmet)
rElec   .            (no cloak)
rCorr   .            (no gloves)
SInv    .            (no boots)
Will    +....        (no amulet)
Stlth   ++++++       (no ring)
HPRegen 0.28/turn    (no ring)
MPRegen 0.23/turn

%: no teleportation
@: no status effects
A: no striking features
a: no special abilities


You were in the Dungeon.
You visited 1 branch

Inventory:

Hand Weapons
 h - the +∞ Axe of Woe (weapon)
   (You found it in the Dungeon)
Armour
 a - a +0 robe (worn)
Scrolls
 g - a scroll of blinking
Potions
 b - 3 potions of magic
 c - a potion of curing
 d - a potion of heal wounds
 e - a potion of haste
 f - a potion of berserk rage


   Skills:
 + Level 15.7 Dodging
 + Level 17.0 Stealth
 + Level 17.1 Spellcasting
 + Level 14.9 Conjurations


You had 42 spell levels left.
You knew the following spells:

 Your Spells              Type           Power      Damage    Failure   Level
a - Magic Dart            Conj           100%       1d8       0%          1

Your spell library contained the following spells:

 Spells                   Type           Power      Damage    Failure   Level
 Searing Ray              Conj           100%       2d8       0%          2
 Dazzling Flash           Conj/Hex       100%       N/A       1%          3
 Fulminant Prism          Conj/Hex       30%        3d16      1%          4
 Iskenderun's Mystic Bla  Conj/Tloc      60%        2d13      1%          4


Dungeon Overview and Level Annotations

Branches:
Dungeon (1/1) Zot: 27000

Altars:
Makhleb


Message History

------------------------------------------------------------------------------ ------------------------------------------------------------------------------ -- -- -- The Arena Of Blood -- -- -- -- -- -- -- -- You descend into the pit of gibs and meat, -- -- The sunken abyss of the depraved, -- -- The mill of turgid gutspawn. -- -- The writhen instruments serve in adoration, -- -- Immured beneath a rotten throne. -- -- -- -- Before you lies the servitor of chaos, -- -- The cleaver, -- -- The blasphemer, -- -- The destroyer, -- -- The Axe of Woe. -- -- -- -- Vessel of Makhleb, -- -- You are the unmaker, -- -- You bring the rapture, -- -- The murmurs of the thralls rise... -- -- The theatre of blood begins. -- -- -- ------------------------------------------------------------------------------ ------------------------------------------------------------------------------ Welcome, Psyclone the Deep Elf Conjurer. [Dungeon Sprint] Press ? for a list of commands and other information.
Found the +∞ Axe of Woe.
Found four burning altars of Makhleb.
Found a staircase leading out of the dungeon.
h - the +∞ Axe of Woe
h - the +∞ Axe of Woe (weapon)
The bag of meat appears out of thin air!
A bag of meat comes into view. It is wielding a +9 war axe.
The bag of meat shouts!
A bag of meat comes into view. It is wielding a +9 war axe. x2
The bag of meat shouts! x2; You hear a shout!
You slash the bag of meat!
You hew the bag of meat violently.
You kill the bag of meat!
A bag of meat comes into view. It is wielding a +9 war axe.
Your Dodging skill gained 13 levels and is now at level 15!
Your Stealth skill gained 15 levels and is now at level 17!
Your Spellcasting skill gained 14 levels and is now at level 17!
Your Conjurations skill gained 10 levels and is now at level 14!
You have reached level 2!
You have reached level 3!
Your experience leads to an increase in your attributes!
Increase (S)trength, (I)ntelligence, or (D)exterity?
You feel clever. x2; You have reached level 4!
You feel clever.
You have reached level 5!
You have reached level 6!
You have reached level 7!
You have reached level 8!
You feel clever.
You have reached level 9!
Your experience leads to an increase in your attributes!
Increase (S)trength, (I)ntelligence, or (D)exterity?
You feel clever. x2; You have reached level 10!
Health restored: 50
Okay, then.
Unknown command.
Are you sure you want to abandon this character and quit the game? (Confirm with "yes".)

.. ... #. ..#
#.. ..# .
.###.. .o###..
......###......
......_.....
#....)# #_.<@_#
#.....#
......_.....
......###......
.###.. o.###..
#.. ..# . #.
.o# .. ...


You could see 3 bags of meat.

Vanquished Creatures
  An orc (D)
1 creature vanquished.

Notes
Turn   | Place    | Note
-------+----------+-------------------------------------------
     0 | D        | Found the +∞ Axe of Woe
     0 | D        | Psyclone the Deep Elf Conjurer began the quest for the Orb.
     0 | D        | Reached XP level 1. HP: 10/10 MP: 6/6
     2 | D        | Noticed a bag of meat
     2 | D        | Noticed a bag of meat
     2 | D        | Noticed a bag of meat
     4 | D        | Killed a bag of meat
     4 | D        | Noticed a bag of meat
     5 | D        | Reached skill level 15 in Dodging
     5 | D        | Reached XP level 2. HP: 15/15 MP: 6/22
     5 | D        | Reached XP level 3. HP: 19/19 MP: 6/23
     5 | D        | Reached XP level 4. HP: 24/24 MP: 6/25
     5 | D        | Reached XP level 5. HP: 28/28 MP: 6/26
     5 | D        | Reached XP level 6. HP: 32/32 MP: 6/28
     5 | D        | Reached XP level 7. HP: 36/36 MP: 6/29
     5 | D        | Reached XP level 8. HP: 41/41 MP: 6/31
     5 | D        | Reached XP level 9. HP: 45/45 MP: 6/32
     5 | D        | Reached XP level 10. HP: 50/50 MP: 6/33
     5 | D        | Quit the game

Illustrated notes

Levels and vault maps discovered:
D:        meatsprint

Skill      XL: |  1 |
---------------+----+-----
Dodging        | 15 | 15.7
Stealth        | 17 | 17.0
Spellcasting   | 17 | 17.1
Conjurations   | 14 | 14.9

Action                     |  1- 3 |  4- 6 |  7- 9 | 10-12 || total
---------------------------+-------+-------+-------+-------++-------
  Melee: Executioner's axe |     1 |       |       |       ||     1

Table legend: (Time is in decaauts)
 A = Elapsed time spent in this place.
 B = Non-inter-level travel time spent in this place.
 C = Inter-level travel time spent in this place.
 D = Time resting spent in this place.
 E = Time spent auto-exploring this place.
 F = Levels seen in this place.
 G = Mean time per level.
                   A        B        C        D        E       F      G
               +--------+--------+--------+--------+--------+-----+--------+
         Total |      5 |      5 |      0 |      0 |      0 |   1 |    5.0 |
       Dungeon |      5 |      5 |      0 |      0 |      0 |   1 |    5.0 |
               +--------+--------+--------+--------+--------+-----+--------+

Top non-repeatable levels by time:
       D: 5 daAuts
